 Dungeon Crawl Stone Soup version 0.30-a0-618-gd6c86c23d0 (webtiles) character file.

Game seed: 16386393587191053090

102 drugrobin the Sneak (level 4, 0/37 HPs)
             Began as a Demigod Delver on Jan 9, 2023.
             Killed by nerve-wracking pain
             ... invoked by Jessica
              (14 damage)
             ... on level 3 of the Dungeon.
             The game lasted 00:05:21 (1844 turns).

drugrobin the Sneak (Demigod Delver)                Turns: 1844, Time: 00:05:21

Health: 0/37       AC:  6    Str: 17    XL:     4   Next: 26%
Magic:  6/6        EV:  8    Int: 12    God:
Gold:   179        SH:  9    Dex: 15    Spells: 3/3 levels left

rFire   . . .      SeeInvis .      - Unarmed
rCold   . . .      Faith    .    h - +2 kite shield
rNeg    . . .      Spirit   .    m - +0 scale mail
rPois   .          Reflect  .    (no helmet)
rElec   .          Harm     .    (no cloak)
rCorr   .          Rampage  .    (no gloves)
Will    .....                    (no boots)
Stlth   +                        (no amulet)
HPRegen 0.26/turn                (no ring)
MPRegen 0.10/turn                (no ring)

@: no status effects
A: high MP 1, forlorn, divine attributes
a: no special abilities


You were on level 3 of the Dungeon.
You visited 1 branch of the dungeon, and saw 5 of its levels.

You collected 179 gold pieces.

Inventory:

Hand Weapons
 b - a +0 sling
Missiles
 t - 6 boomerangs (quivered)
Armour
 a - a +0 leather armour
 h - a +2 kite shield (worn)
 m - a +0 scale mail (worn)
 r - a +0 plate armour
Wands
 f - a wand of digging (3)
Scrolls
 c - a scroll of magic mapping
 d - 2 scrolls of fear
 g - 2 scrolls of teleportation {unknown}
 j - 5 scrolls of identify {unknown}
 n - a scroll of poison {unknown}
 o - 2 scrolls of amnesia {unknown}
 p - 4 scrolls of fog
 u - a scroll of enchant armour {unknown}
 v - a scroll of silence {unknown}
Potions
 e - a potion of haste
 i - 6 potions of curing {unknown}
 k - 2 potions of attraction {unknown}
 l - 2 potions of flight {unknown}
 q - a potion of lignification {unknown}
 s - a potion of magic {unknown}


   Skills:
 - Level 2.6 Fighting
 - Level 1.7 Dodging
 - Level 4.5 Stealth
 + Level 4.4 Unarmed Combat


You had 3 spell levels left.
You didn't know any spells.
Your spell library contained the following spells:

 Spells                   Type           Power      Damage    Failure   Level
 Freeze                   Ice            0%         1d3       99%         1
 Inner Flame              Hex/Fire       0%         N/A       100%        3
 Flame Wave               Conj/Fire      0%         2d4       100%        4
 Sticky Flame             Conj/Fire      0%         2d3       100%        4


Dungeon Overview and Level Annotations

Branches:
Dungeon (5/15)
 Temple: D:4-7

Annotations:
D:3 Jessica


Innate Abilities, Weirdness & Mutations

You have an increased reservoir of magic. (+10% MP)
You shall have no god before yourself.
Your divine heritage dramatically boosts your attributes as you level up.


Message History

Unknown command.
Jessica gestures at you while chanting. Pain shoots through your body!
Unknown command.
Unknown command.
Okay, then.
Unknown command.
Throw: 6 boomerangs
Press: ? - help, Q - select action Shift-Dir - straight line, f - Jessica
Aim: Jessica, wielding a +0 dagger and wearing a +0 robe (59% to hit)
You throw a boomerang. The boomerang hits Jessica.
Jessica is moderately wounded.
Unknown command.
Throw: 6 boomerangs
Press: ? - help, Q - select action Shift-Dir - straight line, f/p - Jessica
Aim: Jessica, wielding a +0 dagger and wearing a +0 robe (moderately wounded, 59% to hit)
You throw a boomerang. The boomerang barely misses Jessica.
Jessica shouts, "Stop bothering me, or I'll kill you!"
Jessica closely misses you.
Unknown command.
You hit Jessica.
Jessica is heavily wounded.
Jessica hits you with a +0 dagger.
You hit Jessica but do no damage.
Jessica is heavily wounded.
Jessica casts a spell at you. Pain shoots through your body!
You closely miss Jessica.
Jessica is heavily wounded.
Jessica gestures wildly while chanting.
Jessica blinks!
Unknown command.
Throw: 6 boomerangs
Press: ? - help, Q - select action Shift-Dir - straight line, f/p - Jessica
Aim: Jessica, wielding a +0 dagger and wearing a +0 robe (heavily wounded, 59% to hit)
You throw a boomerang. The boomerang hits Jessica.
Jessica is severely wounded.
Jessica points at you and mumbles some strange words.
Pain shoots through your body!
You die...

#....<......#
##.#####.#.#.#
...#.........#
.....#####.#@#######
.#####
#.#.......######### .
#.###>###.........# .
..###.###########.# .
####...### #.# #
...@..#.@.########.#####
#####...#..............##
##.###########....... #
#. #####.## # #. #.# # #.
#.## # #. #.## ###### #.
#.## ...... #.##


You could see Jessica.

Vanquished Creatures
  5 adders
  A worm (D:3)
  3 orcs (D:3)
  4 bats
  2 endoplasms
  3 giant cockroaches
  2 goblins
  8 hobgoblins
  4 kobolds
  A quokka (D:1)
  7 ball pythons
  7 frilled lizards
  6 rats
53 creatures vanquished.

Notes
Turn   | Place    | Note
-------+----------+-------------------------------------------
     0 | D:5      | drugrobin the Demigod Delver began the quest for the Orb.
     0 | D:5      | Reached XP level 1. HP: 18/18 MP: 3/3
    74 | D:4      | Reached XP level 2. HP: 20/25 MP: 4/4
   380 | D:2      | Got Plato's Teachings on Congelation
   813 | D:1      | Reached XP level 3. HP: 30/30 MP: 5/5
  1551 | D:3      | Reached XP level 4. HP: 37/37 MP: 6/6
  1835 | D:3      | Noticed Jessica
  1844 | D:3      | Killed from afar by Jessica

Illustrated notes

Levels and vault maps discovered:
D:1:      reono_arrival_mine, layout_basic
D:2:      layout_rooms, basic_altar, shapermc_ecumenical_altar_rom_forum
D:3:      layout_loops_ring, uniq_jessica
D:4:      layout_basic, grunt_gozag_statues
D:5:      layout_basic, old_standard_altar, minmay_temple_entry_wispy,
          mrwooster_statue_mirror

Skill      XL: |  1  2  3 |
---------------+----------+-----
Unarmed Combat | 2 3 4 |  4.4
Fighting       | |  2.6
Dodging        | |  1.7
Stealth        | |  4.5

Action                   |  1- 3 |  4- 6 || total
-------------------------+-------+-------++-------
Melee: Unarmed           |   156 |    22 ||   178
 Fire: Sling             |     8 |     4 ||    12
Throw: Boomerang         |       |    11 ||    11
 Stab: Sleeping          |     5 |       ||     5
Armor: Leather armour    |    13 |       ||    13
       Scale mail        |    39 |     4 ||    43
Dodge: Dodged            |    55 |     4 ||    59
Block: Kite shield       |    48 |     4 ||    52

Table legend: (Time is in decaauts)
 A = Elapsed time spent in this place.
 B = Non-inter-level travel time spent in this place.
 C = Inter-level travel time spent in this place.
 D = Time resting spent in this place.
 E = Time spent auto-exploring this place.
 F = Levels seen in this place.
 G = Mean time per level.
                   A        B        C        D        E       F      G
               +--------+--------+--------+--------+--------+-----+--------+
         Total |   1870 |   1748 |    122 |     35 |   1044 |   5 |  374.0 |
       Dungeon |   1870 |   1748 |    122 |     35 |   1044 |   5 |  374.0 |
               +--------+--------+--------+--------+--------+-----+--------+

Top non-repeatable levels by time:
     D:1: 656 daAuts
     D:2: 489 daAuts
     D:3: 454 daAuts
     D:4: 241 daAuts
     D:5: 29 daAuts
